Map: [ESL] Goldenaura

Players

Nanami - Winner!

  • Race: Protoss Protoss
  • Spawn Location: 5:00

XYXY (XY)

  • Race: Terran Terran
  • Spawn Location: 12:00

Event: ESL SC2 Masters 2024 Spring (Regional)

VOD

Have the link to the VOD?

Description

Time

  • Played on: April 16, 2024, 7:28 a.m.
  • Length: 16:18

All games in this series

Show
View Real Time Build Order
Export as new Build Order

Nanami Protoss - Winner!

Build Orders: 1 Gate Expand, Blink Stalkers 

Get SALT Encoding   

  12  0:00  Probe  
  13  0:12  Probe  
  14  0:18  Pylon  
  14  0:24  Probe (Chrono Boost)  
  15  0:37  Gateway, Probe (Chrono Boost)  
  16  0:44  Probe (Chrono Boost)  
  16  0:45  Assimilator  
  17  0:51  Probe  
  18  1:03  Probe  
  19  1:15  Probe  
  20  1:22  Nexus  
  20  1:31  Cybernetics Core  
  20  1:34  Probe  
  20  1:39  Assimilator  
  21  1:47  Pylon  
  21  1:49  Probe  
  22  2:01  Probe  
  23  2:04  Adept (Chrono Boost)  
  23  2:07  Warp Gate  
  25  2:13  Probe  
  26  2:15  Twilight Council  
  25  2:24  Stalker (Chrono Boost)  
  25  2:27  Probe  
  28  2:34  Probe  
  29  2:39  Probe  
  30  2:46  Blink (Chrono Boost), Probe  
  31  2:51  Probe  
  31  2:58  Probe  
  33  3:03  Probe  
  34  3:11  Gateway  
  35  3:16  Shield Battery  
  35  3:18  Probe x2  
  34  3:25  Robotics Facility  
  34  3:30  Probe x2  
  34  3:34  Pylon  
  36  3:42  Probe x2  
  38  3:54  Probe x2  
  40  3:57  Stalker  
  41  4:05  Stalker  
  41  4:06  Probe x2  
  45  4:13  Nexus  
  45  4:15  Observer (Chrono Boost)  
  46  4:18  Probe x2  
  46  4:21  Pylon  
  46  4:23  Stalker  
  50  4:28  Observer (Chrono Boost)  
  50  4:30  Probe x2  
  53  4:40  Assimilator  
  53  4:41  Pylon  
  53  4:42  Probe x2  
  53  4:45  Stalker  
  57  4:50  Stalker  
  59  4:54  Probe  
  59  4:59  Immortal, Probe, Pylon  
  65  5:06  Probe  
  66  5:10  Forge  
  66  5:11  Charge, Probe  
  67  5:18  Probe  
  68  5:23  Probe  
  68  5:26  Stalker x2  
  72  5:29  Probe, Shield Battery  
  72  5:31  Probe  
  72  5:35  Probe  
  75  5:41  Probe  
  76  5:43  Probe  
  76  5:46  Gateway  
  76  5:47  Gateway, Probe  
  76  5:49  Stalker x2  
  82  5:51  Protoss Ground Armor Level 1 (Chrono Boost)  
  82  5:57  Probe  
  82  6:00  Pylon  
  82  6:02  Probe x2  
  83  6:09  Probe  
  79  6:14  Probe, Stalker x2  
  79  6:15  Probe  
  85  6:21  Probe  
  83  6:26  Probe  
  83  6:27  Gateway  
  83  6:29  Gateway  
  84  6:36  Probe  
  84  6:37  Probe  
  84  6:39  Probe  
  85  6:41  Pylon  
  85  6:43  Assimilator  
  85  6:45  Assimilator, Robotics Bay  
  85  6:46  Nexus  
  85  6:48  Probe  
  85  6:51  Probe  
  85  6:52  Zealot x2  
  85  6:53  Warp Prism (Chrono Boost)  
  90  6:59  Probe  
  90  7:01  Probe  
  94  7:03  Probe  
  94  7:08  Sentry, Pylon  
  97  7:11  Probe  
  97  7:13  Probe  
  99  7:17  Shield Battery  
  99  7:19  Probe  
  99  7:21  Gateway  
  99  7:22  Gateway, Immortal (Chrono Boost)  
  104  7:24  Pylon  
  104  7:30  Probe  
  104  7:32  Probe  
  104  7:34  Probe  
  104  7:36  Extended Thermal Lance (Chrono Boost)  
  107  7:38  Pylon  
  107  7:39  Protoss Ground Weapons Level 1 (Chrono Boost)  
  107  7:47  Colossus (Chrono Boost), Zealot  
  107  7:48  Zealot x3  
  121  7:56  Probe x2  
  121  7:57  Probe  
  119  8:12  Gateway, Pylon  
  118  8:13  Gateway, Stalker x5  
  118  8:17  Robotics Facility  
  118  8:19  Stalker  
  130  8:28  Colossus (Chrono Boost)  
  136  8:41  Zealot x7  
  139  8:43  Probe x2  
  143  8:50  Probe  
  143  8:58  Forge  
  128  9:03  Nexus  
  128  9:06  Disruptor (Chrono Boost)  
  128  9:09  Zealot x7  
  150  9:18  Disruptor (Chrono Boost)  
  150  9:22  Pylon  
  150  9:24  Pylon  
  150  9:27  Stalker x3  
  156  9:35  Protoss Ground Armor Level 2 (Chrono Boost), Pylon  
  156  9:36  Protoss Ground Weapons Level 2 (Chrono Boost)  
  156  9:39  Pylon  
  156  9:40  Disruptor  
  156  9:43  Disruptor  
  158  9:59  Stalker x3  
  159  10:00  Zealot x5  
  159  10:01  Zealot  
  159  10:06  Shield Battery  
  159  10:07  Pylon  
  163  10:14  Shield Battery  
  163  10:16  Shield Battery  
  163  10:18  Pylon  
  163  10:19  Pylon  
  163  10:20  Pylon  
  159  10:22  Zealot  
  159  10:23  Zealot  
  151  10:32  Zealot x5  
  151  10:33  Zealot x3  
  127  10:44  Zealot x2, Disruptor x2  
  121  10:57  Stalker x3  
  121  10:59  Zealot x4  
  121  11:00  Zealot  
  131  11:13  Pylon  
  131  11:15  Nexus  
  131  11:18  Probe x3  
  132  11:22  Colossus  
  132  11:30  Probe x2  
  132  11:35  Probe  
  132  11:38  Assimilator  
  139  11:41  Assimilator  
  139  11:42  Probe x2  
  139  11:45  Colossus (Chrono Boost)  
  147  11:47  Probe  
  147  11:51  Assimilator  
  147  11:52  Pylon  
  148  11:54  Probe  
  148  11:55  Probe  
  148  11:56  Shield Battery  
  148  11:59  Probe  
  151  12:06  Probe  
  151  12:08  Zealot x8  
  162  12:09  Zealot x2  
  162  12:14  Colossus (Chrono Boost)  
  170  12:18  Protoss Ground Weapons Level 3 (Chrono Boost)  
  148  12:51  Stalker x7  
  154  12:59  Zealot x3  
  160  13:17  Zealot x7, Protoss Ground Armor Level 3 (Chrono Boost)  
  174  13:23  Probe x3  
  174  13:24  Probe  
  174  13:26  Zealot x3  
  183  13:40  Stalker x6  
  193  13:43  Nexus  
  193  13:45  Shield Battery, Pylon  
  193  13:53  Zealot x3  
  199  13:59  Disruptor, Pylon  
  197  14:04  Assimilator, Robotics Facility  
  197  14:05  Pylon  
  189  14:14  Nexus  
  189  14:15  Stalker x4  
  189  14:16  Stalker x2, Zealot x3  
  189  14:17  Zealot  
  197  14:22  Photon Cannon  
  157  14:40  Disruptor x2  
  161  14:50  Zealot x7  
  161  14:51  Zealot x3  
  155  15:14  Stalker x4  
  155  15:16  Disruptor x2  
  155  15:21  Zealot x5  
  175  15:29  Zealot  
  173  15:41  Stalker x2  
  173  15:42  Zealot x7  
  187  15:53  Stalker  
  193  16:04  Zealot x3  
  193  16:11  Zealot x2  
Show
View Real Time Build Order
Export as new Build Order

XYXY Terran 

Build Orders: Cyclone Opening, Gas First Reaper Expand 

Get SALT Encoding   

  12  0:00  SCV  
  13  0:12  SCV  
  14  0:17  Supply Depot  
  14  0:24  SCV  
  15  0:29  Refinery  
  15  0:38  SCV  
  16  0:44  Barracks  
  16  0:50  SCV  
  17  1:02  SCV  
  18  1:14  SCV  
  19  1:31  Reaper, Orbital Command  
  20  1:42  Command Center  
  20  1:53  Factory  
  20  1:57  SCV  
  21  2:02  Refinery  
  21  2:07  Barracks Reactor  
  21  2:09  SCV  
  21  2:14  Supply Depot  
  22  2:21  SCV  
  23  2:36  SCV  
  24  2:37  Cyclone  
  24  2:44  Marine x2  
  27  2:47  Starport  
  27  2:49  SCV  
  29  2:55  Orbital Command  
  29  3:01  SCV  
  29  3:03  Marine  
  29  3:04  Marine  
  32  3:15  Factory Tech Lab  
  32  3:16  SCV  
  33  3:21  SCV, Marine x2  
  33  3:23  Medivac  
  38  3:30  Supply Depot  
  38  3:31  SCV  
  38  3:33  SCV  
  40  3:37  Siege Tank  
  43  3:47  Marine x2  
  45  3:48  SCV  
  46  4:00  SCV  
  47  4:04  SCV  
  47  4:05  Marine x2  
  47  4:09  Siege Tank  
  53  4:13  SCV  
  54  4:17  Supply Depot  
  54  4:22  Liberator  
  54  4:23  SCV, Marine x2  
  60  4:25  SCV  
  61  4:34  Command Center  
  61  4:35  SCV  
  62  4:38  SCV  
  62  4:39  Supply Depot  
  63  4:47  SCV, Marine x2  
  63  4:50  Siege Tank, SCV  
  70  4:58  Supply Depot  
  70  5:01  SCV  
  70  5:03  SCV  
  70  5:05  Marine x2  
  73  5:13  SCV  
  74  5:16  SCV  
  75  5:22  Siege Tank  
  75  5:25  SCV  
  75  5:26  Starport Tech Lab  
  75  5:28  SCV  
  79  5:32  Barracks  
  79  5:35  Barracks  
  79  5:37  SCV  
  79  5:39  Engineering Bay  
  79  5:40  Engineering Bay, SCV  
  81  5:47  Orbital Command  
  81  5:49  SCV  
  82  5:50  Refinery  
  82  5:51  Refinery  
  82  5:52  SCV  
  82  5:55  Starport Tech Lab  
  82  6:01  Marine  
  82  6:03  Siege Tank, Marine  
  82  6:14  SCV  
  83  6:19  Terran Infantry Weapons Level 1, Marine  
  83  6:20  Terran Infantry Armor Level 1  
  83  6:21  Supply Depot  
  81  6:28  Stimpack, Marauder  
  81  6:31  Barracks x2  
  83  6:37  Starport Reactor  
  79  6:40  Marine x2  
  79  6:41  Marine, Combat Shield  
  79  6:42  SCV  
  79  6:45  Orbital Command  
  83  6:53  SCV  
  83  6:56  Marine  
  83  6:57  SCV  
  83  6:58  Marine x2  
  87  7:03  Supply Depot  
  87  7:04  Supply Depot  
  87  7:05  SCV  
  87  7:08  Marauder  
  90  7:10  Supply Depot  
  90  7:13  SCV x2  
  90  7:14  Medivac, Marauder  
  90  7:15  Medivac, Marine  
  98  7:17  Factory Reactor  
  98  7:20  Marine x2  
  98  7:21  SCV  
  102  7:26  SCV  
  103  7:30  Refinery  
  103  7:31  Marauder x2  
  103  7:32  Refinery  
  103  7:33  Supply Depot, Marine  
  103  7:35  SCV  
  109  7:37  SCV  
  109  7:43  SCV  
  111  7:44  Medivac  
  111  7:45  Medivac, Marauder  
  111  7:47  SCV  
  116  7:52  Marine x2, Marauder  
  116  7:53  SCV, Marauder  
  116  7:55  SCV  
  124  8:01  SCV  
  124  8:02  Ghost Academy  
  124  8:05  SCV  
  126  8:06  Marine x2, Marauder  
  126  8:09  Supply Depot  
  126  8:10  Supply Depot, Marine x2  
  132  8:14  Viking, Marauder x2  
  132  8:15  Viking  
  140  8:23  Marine  
  141  8:28  Supply Depot  
  141  8:30  Marine  
  141  8:31  Marauder  
  144  8:35  Marauder, Ghost  
  144  8:36  Marine x2  
  144  8:37  SCV x2, Supply Depot  
  144  8:39  SCV  
  149  8:41  Marine  
  149  8:44  Viking  
  149  8:48  Viking  
  150  8:49  SCV x2  
  150  8:51  SCV  
  150  8:52  Ghost  
  152  8:56  Ghost  
  152  9:01  SCV  
  153  9:09  Marine x2, Marauder  
  154  9:10  Marine x2  
  154  9:14  Viking  
  157  9:18  Viking  
  157  9:21  Marauder  
  161  9:25  Marauder  
  161  9:27  SCV, Marine x3  
  161  9:28  SCV, Marine  
  161  9:29  SCV  
  161  9:31  Marauder  
  170  9:42  Marauder  
  170  9:45  Marine  
  172  9:48  Marauder  
  172  9:49  Viking  
  172  9:50  Viking  
  172  9:52  Marauder  
  165  9:56  Marine x2  
  160  10:00  Marine  
  160  10:01  SCV x3  
  160  10:03  Marine  
  160  10:04  Marauder  
  159  10:10  Marauder  
  159  10:13  SCV x2, Marauder  
  158  10:22  Marine  
  158  10:24  SCV  
  158  10:26  SCV x2  
  158  10:27  Marauder  
  123  10:36  SCV  
  123  10:40  Marine, Marauder x2  
  123  10:41  Marine x3  
  123  10:42  SCV x2  
  119  10:45  Liberator x2  
  119  10:48  SCV, Marauder  
  108  10:58  Marine x2  
  108  11:01  SCV  
  108  11:02  SCV x2, Marauder x2  
  112  11:10  Marauder  
  112  11:11  Concussive Shells  
  111  11:13  SCV  
  112  11:19  Armory  
  112  11:23  Marauder x2  
  116  11:28  Medivac x2  
  122  11:33  Marine x3, Marauder  
  125  11:44  Marine  
  125  11:45  Marine  
  127  11:47  Refinery  
  127  11:48  Command Center  
  127  11:49  Ghost  
  127  11:50  Missile Turret  
  129  11:56  Ghost  
  129  11:57  Marine x3  
  129  11:58  Medivac x2  
  137  12:07  SCV  
  138  12:16  Terran Infantry Armor Level 2, Terran Infantry Weapons Level 2  
  138  12:17  Ghost  
  138  12:18  Marine x2  
  144  12:24  Marine  
  144  12:28  Medivac x2  
  146  12:33  SCV  
  146  12:35  Marauder x2  
  146  12:36  Command Center  
  146  12:37  Marine x2  
  133  12:42  SCV x2  
  129  12:48  Marauder  
  120  12:59  SCV  
  120  13:00  SCV  
  120  13:03  Viking  
  120  13:05  SCV  
  121  13:12  SCV  
  122  13:15  Marauder x2  
  122  13:16  Marine x2  
  128  13:21  Marauder  
  128  13:23  Marine x2  
  132  13:34  Marine x2  
  132  13:36  Marauder x2  
  138  13:41  Marine  
  138  13:42  Marauder  
  138  13:44  Marine  
  138  13:49  Planetary Fortress  
  138  13:52  Marine  
  138  13:54  SCV x2  
  138  13:55  SCV  
  141  14:03  Viking  
  141  14:04  Viking  
  132  14:18  Marauder  
  127  14:31  Marauder x2  
  124  14:35  Marine  
  124  14:36  Marine  
  116  14:40  Marauder  
  117  14:47  Marine x2  
  117  14:52  Marauder x2  
  116  14:53  Marine x2  
  111  15:05  Marauder  
  111  15:06  Marine x2  
  108  15:46  Orbital Command  
  103  15:59  Marine x2  
Tags
 
Add a new tag
Caveats
  • Supply blocks, unpowered buildings, or Contaminate may cause inaccurate times.
  • Supply counts are checked every 10 seconds.